 Dungeon Crawl Stone Soup version 0.20.0-8-g6b59dc7 (webtiles) character file.

788 kraftydee the Shield-Bearer (level 7, -3/61 HPs)
             Began as a Hill Orc Fighter on June 1, 2017.
             Was a Believer of Nemelex Xobeh.
             Slain by an insubstantial wisp (8 damage)
             ... summoned by the player character
             ... on level 6 of the Dungeon.
             The game lasted 00:15:44 (4421 turns).

kraftydee the Shield-Bearer (Hill Orc Fighter)      Turns: 4421, Time: 00:15:45

Health: -3/61      AC: 10    Str: 20    XL:     7   Next: 87%
Magic:  8/8        EV:  6    Int:  8    God:    Nemelex Xobeh [**....]
Gold:   298        SH: 10    Dex: 13    Spells: 6/6 levels left

rFire    x . .     SeeInvis .   a - +0 long sword
rCold    + . .     Gourm    .   c - +0 shield
rNeg     . . .     Faith    .   r - +0 chain mail
rPois    +         Spirit   .   (no helmet)
rElec    .         Reflect  .   A - +0 cloak
rCorr    .         Harm     .   (no gloves)
MR       .....                  (no boots)
Stlth    ..........             (no amulet)
Regen    0.2/turn               d - ring of ice
MPRegen  0.2/turn               z - ring of poison resistance

@: no status effects
A: talons 1, agile 1, poison resistance
a: Renounce Religion


You were on level 6 of the Dungeon.
You worshipped Nemelex Xobeh.
Nemelex Xobeh was pleased with you.
You were not hungry.

You visited 1 branch of the dungeon, and saw 6 of its levels.

You collected 298 gold pieces.

Inventory:

Hand Weapons
 a - a +0 long sword (weapon)
 k - a +3 quarterstaff of chaos
 x - a +1 flail of holy wrath
Armour
 b - a +0 scale mail
 c - a +0 shield (worn)
 r - a +0 chain mail (worn)
 s - a cursed +0 ring mail
 t - a +0 cloak
 A - a +0 cloak (worn)
Jewellery
 d - a ring of ice (left hand)
 z - a ring of poison resistance (right hand)
Scrolls
 i - 2 scrolls of teleportation
 l - a scroll of random uselessness
 o - 2 scrolls of fear
 u - 7 scrolls of remove curse
 w - a scroll of holy word {unknown}
 C - 3 scrolls of identify
Potions
 e - 2 potions of lignification
 g - a potion of degeneration
 h - 5 potions of curing
 m - 2 potions of mutation
 p - a potion of heal wounds {unknown}
 v - a potion of flight {unknown}
Miscellaneous
 j - a plain deck of summoning {drawn: 7}
 y - a plain deck of escape {drawn: 5}
Comestibles
 f - 5 bread rations
 n - a royal jelly
 q - a meat ration
 B - 2 chunks of flesh


   Skills:
 + Level 5.5 Fighting
 + Level 5.4 Long Blades
 + Level 4.8 Armour
 + Level 1.5 Dodging
 + Level 1.0 Stealth
 + Level 5.7 Shields
 + Level 1.3 Invocations


You had 6 spell levels left.
You didn't know any spells.

Dungeon Overview and Level Annotations

Branches:
Dungeon (6/15)             Temple (0/1) D:4

Altars:
Cheibriados
Fedhas
Nemelex Xobeh
Xom

Annotations:
D:6 Flooderbenga's ghost, novice TeWr


Innate Abilities, Weirdness & Mutations

You have sharp toenails.
You are agile. (Dex +2)
Your system is resistant to poisons. (rPois)


Message History

You feel better. Flooderbenga's ghost barely misses you.
Evoke which item? (* to show all) (? for menu, Esc to quit)
You draw a card...
It is the Shaft.
Nothing appears to happen.
Flooderbenga's ghost hits you.
* * * LOW HITPOINT WARNING * * *
Evoke which item? (* to show all) (? for menu, Esc to quit)
You draw a card...
It is Foxfire.
You block Flooderbenga's ghost's attack.
Evoke which item? (* to show all) (? for menu, Esc to quit)
You draw a card...
It is Foxfire.
Flooderbenga's ghost mumbles some strange words.
Flooderbenga's ghost blinks!
The wyvern is sucked into a shaft!
The shaft crumbles and collapses.
You block the insubstantial wisp's attack.
The insubstantial wisp hits you but does no damage.
Flooderbenga's ghost mumbles some strange words.
Flooderbenga's ghost blinks!
The insubstantial wisp hits you!
You die...
Your body disappears without a glow.

.. #..#..
###.##..#.#
#.........# #
.......#.##.# #
#.##..#....#
##.#.......##.###?
+......vv.........
#.....@.v.<######
........l.........#
........#........?#
...##...#.l..ยง....#
.. #...#.......... .
.....#..#..#....
......#..#..+....
............# ...
........


You could see 3 insubstantial wisps and 2 friendly wyverns.

Vanquished Creatures
  A necrophage (D:3)
  An ogre (D:6)
  An orc wizard (D:5)
  Natasha (twice) (D:3)
  A worker ant (D:4)
  A worker ant zombie (D:3)
  A howler monkey skeleton (D:5)
  2 gnolls (D:5)
  8 adders
  A shadow imp (D:5)
  2 oozes
  3 worms
  3 dart slugs
  4 leopard geckos
  4 orcs
  A ball python (D:3)
  9 giant cockroaches
  6 goblins
  6 hobgoblins
  2 jackals
  A kobold (D:1)
  A quokka (D:2)
  8 bats
  5 frilled lizards
  A quokka skeleton (D:5)
  4 rats
79 creatures vanquished.

Vanquished Creatures (collateral kills)
  Edmund (D:4)
  An ogre (D:5)
  A centaur (D:5)
  Crazy Yiuf (D:4)
  2 orc priests (D:5)
  An orc wizard (D:5)
  An iguana (D:5)
  A worker ant (D:5)
  A gnoll (D:5)
  An adder (D:5)
  A shadow imp (D:5)
  A worm (D:2)
  2 orcs (D:5)
  5 goblins (D:2)
  A hobgoblin (D:2)
  A frilled lizard (D:5)
22 creatures vanquished.

Grand Total: 101 creatures vanquished

Notes
Turn   | Place    | Note
-------+----------+-------------------------------------------
     0 | D:1      | kraftydee the Hill Orc Fighter began the quest for the Orb.
     0 | D:1      | Reached XP level 1. HP: 19/19 MP: 1/1
   150 | D:1      | Reached XP level 2. HP: 23/27 MP: 2/2
   612 | D:2      | Reached XP level 3. HP: 29/33 MP: 3/3
  1011 | D:2      | Gained mutation: You are agile. (Dex +2) [potion of mutation]
  1011 | D:2      | Gained mutation: You have sharp toenails. [potion of mutation]
  1011 | D:2      | Gained mutation: Your system is resistant to poisons. (rPois) [potion of mutation]
  1019 | D:2      | Found a sparkling altar of Nemelex Xobeh.
  1029 | D:2      | Became a worshipper of Nemelex Xobeh the Trickster
  1121 | D:2      | Found a blossoming altar of Fedhas.
  1200 | D:2      | Received a gift from Nemelex Xobeh
  1296 | D:2      | Reached XP level 4. HP: 30/40 MP: 4/4
  1676 | D:3      | Reached XP level 5. HP: 45/47 MP: 5/5
  1780 | D:3      | Noticed a necrophage
  1795 | D:3      | Killed a necrophage
  2201 | D:3      | Noticed Natasha
  2212 | D:3      | Killed Natasha
  2212 | D:3      | Reached XP level 6. HP: 35/53 MP: 6/6
  2222 | D:3      | Noticed Natasha
  2224 | D:3      | Killed Natasha
  2224 | D:3      | Reached skill level 1 in Dodging
  2494 | D:4      | Received a gift from Nemelex Xobeh
  2502 | D:4      | Reached * piety under Nemelex Xobeh
  2739 | D:4      | Found a snail-covered altar of Cheibriados.
  2739 | D:4      | Found a shimmering altar of Xom.
  2873 | D:4      | Found a staircase to the Ecumenical Temple.
  2877 | D:4      | Received a gift from Nemelex Xobeh
  2903 | D:4      | Noticed Edmund
  2911 | D:4      | Killed Edmund
  2911 | D:4      | Reached skill level 5 in Fighting
  3118 | D:4      | Found a runed door.
  3295 | D:4      | Reached skill level 5 in Shields
  3467 | D:4      | Noticed Crazy Yiuf
  3472 | D:4      | Killed Crazy Yiuf
  3472 | D:4      | Reached XP level 7. HP: 46/59 MP: 7/7
  3570 | D:5      | Entered Level 5 of the Dungeon
  3682 | D:5      | Reached skill level 1 in Invocations
  3904 | D:5      | Reached ** piety under Nemelex Xobeh
  4124 | D:5      | Reached skill level 5 in Long Blades
  4404 | D:6      | Noticed Flooderbenga's ghost (novice TeWr)
  4412 | D:6      | Reached skill level 1 in Stealth
  4418 | D:6      | Noticed an insubstantial wisp
  4418 | D:6      | Noticed an insubstantial wisp
  4418 | D:6      | Noticed an insubstantial wisp
  4419 | D:6      | Noticed a wyvern
  4421 | D:6      | Slain by an insubstantial wisp

Skill      XL: |  1  2  3  4  5  6  7 |
---------------+----------------------+-----
Fighting       | 4 5 |  5.5
Long Blades    | 3 4 5 |  5.4
Shields        | 4 5 |  5.7
Armour         | 4 |  4.8
Dodging        | 1 |  1.5
Invocations    | 1 |  1.3
Stealth        | 1 |  1.0

Action                   |  1- 3 |  4- 6 |  7- 9 || total
-------------------------+-------+-------+-------++-------
Melee: Long sword        |    68 |   147 |    54 ||   269
       Kick              |     1 |    38 |    18 ||    57
Evoke: Deck              |       |     9 |     9 ||    18
  Use: Potion            |     5 |     1 |     3 ||     9
       Scroll            |     4 |     4 |     2 ||    10
 Stab: Confused          |       |       |     1 ||     1
  Eat: Chunk             |     1 |     7 |     3 ||    11
Armor: Scale mail        |    20 |       |       ||    20
       Chain mail        |     6 |    98 |    31 ||   135
Dodge: Dodged            |    23 |    48 |    13 ||    84
Block: Shield            |    28 |   105 |    25 ||   158
       Rpst.: Long sword |     5 |    17 |     5 ||    27
